cohdb
Replays
Latest Replays
All Replays
Popular Replays
Top Player Replays
Match Explorer
How It Works
Community
CoH3 Stats
Reddit
Sign in to upload your games and track your stats! →
Sign in with Steam
Match 39731454
Unlisted
Match 39731454
Overview
Messages
Build Orders
End
Panzergrenadier Squad
Panzergrenadier Squad
Panzergrenadier Squad
Construct Light Support Kompanie
Assault Grenadier Squad
Construct Mechanized Kompanie
Support Armor Elements
Panzerjäger Mechanized Group
StuG III D Assault Gun
Pak 38 Anti-tank Gun Team
2.5-tonne Medical Truck
Construct Panzerarmee Kommand
Armored Reserves
Panzer IV Assault Group
Saueee
GreenWii
0
0
Comments
sign in to comment!
No comments posted yet!